 Dungeon Crawl Stone Soup version 0.29.1-15-g9cfb28693d (webtiles) character file.

Game seed: 13133707848304677511

44 Jase the Caller (level 3, 24/24 HPs)
             Began as a Merfolk Summoner on Apr 23, 2023.
             Was a Follower of Kikubaaqudgha.
             Quit the game on level 2 of the Dungeon.
             The game lasted 00:06:09 (1778 turns).

Jase the Caller (Merfolk Summoner)                  Turns: 1778, Time: 00:06:09

Health: 24/24      AC:  2    Str:  8    XL:     3   Next: 60%
Magic:  6/6        EV: 13    Int: 16    God:    Kikubaaqudgha [*.....]
Gold:   22         SH:  0    Dex: 14    Spells: 5/6 levels left

rFire   . . .      SeeInvis .   a - +0 dagger
rCold   . . .      Faith    .   (no shield)
rNeg    + . .      Spirit   .   d - +0 robe
rPois   .          Reflect  .   (no helmet)
rElec   .          Harm     .   (no cloak)
rCorr   .          Rampage  .   (no gloves)
Will    .....                   (no boots)
Stlth   ++........              (no amulet)
HPRegen 0.08/turn               j - ring of positive energy
MPRegen 0.10/turn               (no ring)

@: no status effects
A: (nimble swimmer 2), mertail
a: Renounce Religion, Unearth Wretches


You were on level 2 of the Dungeon.
You worshipped Kikubaaqudgha.
Kikubaaqudgha was aware of your devotion.
You visited 1 branch of the dungeon, and saw 2 of its levels.

You collected 22 gold pieces.

Inventory:

Hand Weapons
 a - a +0 dagger (weapon)
Missiles
 e - 20 stones
 h - 2 silver javelins
Armour
 d - a +0 robe (worn)
Jewellery
 j - a ring of positive energy (left hand)
Scrolls
 c - a scroll of identify {unknown}
 f - 2 scrolls of amnesia {unknown}
 g - a scroll of teleportation {unknown}
 i - 2 scrolls of blinking {unknown}
 l - a scroll of enchant armour {unknown}
 m - a scroll of magic mapping {unknown}
Potions
 b - a potion of magic
 k - 2 potions of curing {unknown}
 n - a potion of haste {unknown}
 o - a potion of might {unknown}


   Skills:
 + Level 3.4 Dodging
 - Level 2.1 Stealth
 + Level 2.4 Spellcasting
 * Level 4.6 Summonings


You had 5 spell levels left.
You knew the following spells:

 Your Spells              Type           Power      Damage    Failure   Level
a - Summon Small Mammal   Summ           64%        N/A       3%          1

Your spell library contained the following spells:

 Spells                   Type           Power      Damage    Failure   Level
 Call Imp                 Summ           16%        N/A       4%          2
 Call Canine Familiar     Summ           16%        N/A       9%          3
 Necrotise                Necr           4%         1d4       21%         1
 Summon Guardian Golem    Hex/Summ       9%         N/A       22%         3
 Vampiric Draining        Necr           1%         2d6       52%         3
 Summon Lightning Spire   Summ/Air       9%         N/A       58%         4
 Anguish                  Hex/Necr       0%         N/A       89%         4
 Animate Dead             Necr           1%         N/A       89%         4


Dungeon Overview and Level Annotations

Branches:
Dungeon (2/15)

Altars:
Kikubaaqudgha


Innate Abilities, Weirdness & Mutations

((You are very nimble when in or above water. (Stealth+, EV+, Speed+++)))
Your lower body shifts to a powerful aquatic tail in water.


Message History

There is an escape hatch in the floor here.
A ball python comes into view.
A frilled lizard comes into view.
The frilled lizard hisses angrily.
You miscast Summon Small Mammal.
You are very lightly contaminated with residual magic.
Nothing appears to happen.
The ball python hisses angrily.
The ball python barely misses your rat. x2; Your rat bites the ball python.
The ball python bites your rat but does no damage.
The ball python grabs your rat. The ball python constricts your rat.
Your rat struggles to escape constriction.
You closely miss the frilled lizard. The ball python bites your rat.
The ball python constricts your rat. The frilled lizard barely misses you.
Your rat bites the ball python.
The ball python dies!
Your magical contamination has completely faded away.
You hit the frilled lizard.
You kill the frilled lizard!
You start resting.
Magic restored.
Found a faded altar of an unknown god.
You swap places.
Found a scroll labelled NOIVOYTWIJ.
A kobold comes into view.
It is wielding a +1 dagger of holy wrath.
The kobold shouts!
Your quokka disappears in a puff of smoke!
The kobold moves out of view.
There is a faded altar of an unknown god here.
You cannot tell which god this altar belongs to.
Convert to them anyway?
Kikubaaqudgha accepts your prayer! Kikubaaqudgha welcomes you!
You can now bring forth the wretched and dying.
Kikubaaqudgha grants you a gift!
You add the spells Necrotise, Vampiric Draining, Anguish and Animate Dead to your library.
Okay, then.
Unknown command.
Press < or > to pray at altars.
Okay, then.
Are you sure you want to abandon this character and quit the game? (Confirm with "yes".)

.######### #.###.#. ..
#.#...#. ############ #.
#....##. ...........#
#.####..##. .....
.....###.......##) ....
....#....####.#
..♣♣...#.##....#.##
♣PP..†#.##.##.#..## .
♣@P♣.#.....#.#....
.....P.♣r♣.####.##.#....
......PP♣.......##...##.
......♣....#.########...
...........#.# #.##
...........### #.#
.?.........# ..#
#########+## ##.. #.#


You could see a friendly rat (summoned).

Vanquished Creatures
  An adder (D:2)
  A dart slug (D:2)
  An endoplasm (D:1)
  A hobgoblin (D:1)
  2 quokkas (D:1)
  2 bats
  A frilled lizard (D:2)
  A rat (D:1)
10 creatures vanquished.

Vanquished Creatures (collateral kills)
  2 worms (D:2)
  A dart slug (D:1)
  An endoplasm (D:1)
  4 goblins
  A hobgoblin (D:2)
  2 ball pythons
  2 kobolds
  2 rats
15 creatures vanquished.

Grand Total: 25 creatures vanquished

Notes
Turn   | Place    | Note
-------+----------+-------------------------------------------
     0 | D:1      | Jase the Merfolk Summoner began the quest for the Orb.
     0 | D:1      | Reached XP level 1. HP: 13/13 MP: 3/3
   464 | D:1      | Reached XP level 2. HP: 19/19 MP: 1/5
  1294 | D:2      | Reached XP level 3. HP: 24/24 MP: 3/6
  1773 | D:2      | Found a faded altar of an unknown god.
  1777 | D:2      | Prayed at the altar of an unknown god.
  1777 | D:2      | Became a worshipper of Kikubaaqudgha
  1777 | D:2      | Reached * piety under Kikubaaqudgha
  1777 | D:2      | Received a gift from Kikubaaqudgha
  1778 | D:2      | Quit the game

Illustrated notes

Levels and vault maps discovered:
D:1:      dpeg_arrival_connections, layout_basic
D:2:      layout_basic, ebering_ecumenical_altar_petrified

Skill      XL: |  1 |
---------------+----+-----
Dodging        | 3 |  3.4
Stealth        | |  2.1
Spellcasting   | |  2.4
Summonings     | |  4.6

Action                   || total
-------------------------++-------
Melee: Dagger            ||    40
       Unarmed           ||     2
       Punch             ||     2
 Cast: Summon Small Mamm ||    44
 Stab: Distracted        ||     1
Armor: Robe              ||     9
Dodge: Dodged            ||    16
